 Dungeon Crawl Stone Soup version 0.28.0-53-g5a82cb258f (webtiles) character file.

Game seed: 10420460784672980270

171 Infinimo the Cudgeller (level 5, -4/81 HPs)
             Began as an Ogre Gladiator on May 30, 2022.
             Was an Initiate of Okawaru.
             Slain by Pikel
             ... wielding a +2 whip of electrocution
              (16 damage)
             ... on level 3 of the Dungeon.
             The game lasted 00:04:18 (4281 turns).

Infinimo the Cudgeller (Ogre Gladiator)             Turns: 4281, Time: 00:04:19

Health: -4/81      AC: 22    Str: 20    XL:     5   Next: 51%
Magic:  5/5        EV:  1    Int:  9    God:    Okawaru [......]
Gold:   139        SH:  0    Dex: 10    Spells: 4/4 levels left

rFire   . . .      SeeInvis .   a - +0 flail
rCold   . . .      Faith    .   (no shield)
rNeg    . . .      Spirit   .   (armour currently unavailable)
rPois   +          Reflect  .   (helmet currently unavailable)
rElec   .          Harm     .   (cloak currently unavailable)
rCorr   .          Rampage  .   (gloves unavailable)
Will    .....      NoTele   +   (boots unavailable)
Stlth   +.........              (no amulet)
HPRegen 0.23/turn               (no ring)
MPRegen 0.09/turn               (no ring)

@: tree-form
A: stationary, stasis, torment immunity, boosted hp, large, unfitting armour,
(tough skin 1)
a: Renounce Religion


You were on level 3 of the Dungeon.
You worshipped Okawaru.
Okawaru was noncommittal.
You were a tree.
You visited 2 branches of the dungeon, and saw 5 of its levels.

You collected 139 gold pieces.

Inventory:

Hand Weapons
 a - a +0 flail (weapon)
Missiles
 d - 3 throwing nets (quivered)
Armour
 b - a +0 robe (melded)
 c - a +0 hat (melded)
Jewellery
 j - a +4 ring of slaying
 p - a ring of see invisible
 s - a +6 ring of strength
Scrolls
 f - a scroll of teleportation {unknown}
 k - a scroll of noise {unknown}
 l - a scroll of summoning {unknown}
 m - 2 scrolls of identify
 n - a scroll of holy word {unknown}
 r - a scroll of blinking {unknown}
 t - a scroll of enchant weapon {unknown}
Potions
 e - a potion of magic
 g - 2 potions of lignification
 h - a potion of degeneration {unknown}
 i - a potion of ambrosia
 o - a potion of heal wounds {unknown}
 q - a potion of flight {unknown}


   Skills:
 + Level 4.2 Fighting
 * Level 4.3 Maces & Flails
 - Level 2.0 Throwing
 + Level 3.5 Dodging


You had 4 spell levels left.
You didn't know any spells.
Your spell library contained the following spells:

 Spells                   Type           Power      Damage    Failure   Level
 Pain                     Necr           0%         1d4       38%         1
 Vampiric Draining        Necr           0%         2d6       77%         3
 Animate Skeleton         Necr           Unusable   N/A       N/A         1

Dungeon Overview and Level Annotations

Branches:
Dungeon (4/15)             Temple (1/1) D:4

Altars:
Ashenzari
Cheibriados
Dithmenos
Elyvilon
Gozag
Hepliaklqana
Kikubaaqudgha
Makhleb
Nemelex Xobeh
Okawaru
Qazlal
Sif Muna
Trog
Vehumet
Wu Jian
Xom
Yredelemnul
The Shining One

Shops:
D:2 [(

Annotations:
D:2 1 runed translucent door, Crazy Yiuf
D:3 Pikel


Innate Abilities, Weirdness & Mutations

You are a tree.
Your roots penetrate the ground, keeping you stationary.
You cannot be teleported.
You are immune to unholy pain and torment.
Your maximum health is greatly increased.
Your equipment is partially melded.
You are too large for most types of armour.
((You have tough skin. (AC +1)))


Message History

You sock the lemure!
You kill the lemure!
That felt strangely unrewarding.
No target in view!
No target in view!
No target in view!
No target in view!
No target in view!
No target in view!
No target in view!
No target in view!
No target in view!
No target in view!
No target in view!
No target in view!
No target in view!
No target in view!
You climb downwards.
Level annotation: Pikel
There is a stone staircase leading up here.
Pikel is nearby!
There is a stone staircase leading up here.
Pikel hits you with a +2 whip of electrocution!
You climb upwards.
There is a stone staircase leading down here.
Okay, then.
You hit Pikel but do no damage.
Pikel hits you with a +2 whip of electrocution!
Really quaff the potion of lignification?
You turn into a tree.
Your +0 hat melds into your body.
Your +0 robe melds into your body.
Your roots penetrate the ground.
Pikel hits you with a +2 whip of electrocution.
You barely miss Pikel. Pikel hits you but does no damage.
You are electrocuted!!
You hit Pikel but do no damage. Pikel hits you but does no damage.
You are electrocuted!!
* * * LOW HITPOINT WARNING * * *
You miss Pikel. Pikel barely misses you. Pikel hits you but does no damage.
You are electrocuted!
You die...

#.##...........## #.#
#.############..# #.# #.#
##.# #.# #.# #.# #)# #.#
###.####.# #.# #.....##.##
#.# ###.....#...# ##.#
#>...<......# ##..#
#♣#.....#...#
#.#.#########K#.....######
##.##....................#
#.....#################.#
########..# #.# .....#
#..# #.# ####.# #..# #.# #
#.# #..# #.# # #.# #..#
#.#


You could see Pikel.

Vanquished Creatures
  A lemure (D:3)
  An oklob sapling (D:4)
  5 adders
  A worm (D:2)
  2 dart slugs
  5 orcs
  6 ball pythons
  3 bats
  9 endoplasms
  3 giant cockroaches
  10 goblins
  4 hobgoblins
  2 quokkas
  A frilled lizard (D:1)
  8 kobolds
  14 rats
75 creatures vanquished.

Vanquished Creatures (others)
  9 plants (D:4)
9 creatures vanquished.

Grand Total: 84 creatures vanquished

Notes
Turn   | Place    | Note
-------+----------+-------------------------------------------
     0 | D:1      | Infinimo the Ogre Gladiator began the quest for the Orb.
     0 | D:1      | Reached XP level 1. HP: 22/22 MP: 1/1
   270 | D:1      | Reached XP level 2. HP: 21/29 MP: 2/2
   830 | D:1      | Reached XP level 3. HP: 34/37 MP: 3/3
  1827 | D:2      | Reached XP level 4. HP: 39/45 MP: 4/4
  1878 | D:2      | Found Dicw's Antique Weapon Shoppe.
  2120 | D:2      | Found a runed translucent door.
  2121 | D:2      | Noticed Crazy Yiuf
  2262 | D:2      | Found Kegrov's Armour Boutique.
  2490 | D:2      | Found a faded altar of an unknown god.
  3446 | D:3      | Reached XP level 5. HP: 54/54 MP: 5/5
  3811 | D:4      | Found a staircase to the Ecumenical Temple.
  3844 | Temple   | Entered the Ecumenical Temple
  4183 | Temple   | Became a worshipper of Warmaster Okawaru
  4226 | D:4      | Noticed Pikel
  4226 | D:4      | Noticed a lemure
  4226 | D:4      | Noticed a lemure
  4226 | D:4      | Noticed a lemure
  4226 | D:4      | Noticed a lemure
  4268 | D:3      | Killed a lemure
  4281 | D:3      | Slain by Pikel

Illustrated notes

Levels and vault maps discovered:
D:1:      sevenhm_arrival_forest_fort_large_2, layout_rooms, minmay_hexomino_u4
D:2:      layout_basic, shapermc_ecumenical_altar_acropolis, serial_shops,
          nicolae_shop_stone, shop, uniq_crazy_yiuf_cottage
D:3:      layout_loops_ring, minmay_misc_feat_rugged
D:4:      layout_loops_ring, minmay_temple_entry_oklob, uniq_pikel
Temple:   mainiacjoe_temple_coin_purse

Skill      XL: |  1  2  3  4  5 |
---------------+----------------+-----
Maces & Flails | 3 4 |  4.3
Fighting       | 3 4 |  4.2
Dodging        | 3 |  3.5
Throwing       | |  2.0

Action                   |  1- 3 |  4- 6 || total
-------------------------+-------+-------++-------
Melee: Flail             |   150 |   101 ||   251
       Punch             |       |     1 ||     1
  Use: Potion            |     2 |     2 ||     4
       Scroll            |     2 |       ||     2
 Stab: Distracted        |     1 |       ||     1
       Sleeping          |       |     1 ||     1
Armor: Robe              |    41 |    18 ||    59
       Skin              |       |     3 ||     3
Dodge: Dodged            |    81 |    34 ||   115
